[Event "Team 45 45 League T30"]
[Site "Internet Chess Club"]
[Date "2006.04.28"]
[Round "6"]
[White "Div-anand"]
[Black "rjml"]
[Result "0-1"]
[WhiteElo "1895"]
[BlackElo "2041"]
[TimeControl "2700+45"]

1. Nf3 Nf6 2. g3 e6 3. Bg2 d5 4. O-O Be7 5. d3 O-O 6. Nbd2 c5 7. e4 Nc6 8. Re1
b5 9. a4 bxa4 10. Rxa4 a5 11. exd5 exd5 12. Nb1 Bd7 13. Nc3 Re8 14. Ra1 Rb8 15.
Ne5 Nxe5 16. Rxe5 Be6 17. h3 d4 18. Na4 Bd6 19. Re1 Qd7 20. Kh2 Bd5 21. Bd2 Qf5
22. Kg1 Bc7 23. b3 Rxe1+ 24. Bxe1 h5 25. Nb2 h4 26. Nc4 Re8 27. Bxd5 Nxd5 28.
Qg4 Qxg4 29. hxg4 hxg3 30. fxg3 Re2 31. Bxa5 Bxg3 32. Bd2 Bf4 33. Rd1 Be3+ 34.
Bxe3 dxe3 35. d4 cxd4 36. Rxd4 Rxc2 37. Rxd5 Rc1+ 38. Kg2 e2 39. Re5 e1=Q 40.
Rxe1 Rxe1 41. Kf2 Re4 42. Kf3 Rd4 43. Na5 Rb4 44. Nc4 Rxb3+ 45. Kf2 Kf8 46. Ne5
Ke7 47. Nc4 Ke6 48. Ne3 Rxe3 49. Kxe3 Ke5 50. Kf3 g5 51. Ke3 f6 52. Kf3 Kd4 53.
Kf2 Ke4 54. Kg3 Ke3 55. Kg2 Kf4 56. Kh3 Kf3 {White resigns} 0-1  aics%

[Event "Team 45 45 League T30"]
[Site "Internet Chess Club"]
[Date "2006.04.30"]
[Round "6"]
[White "MaunaKeaMike"]
[Black "gravitydk"]
[Result "1/2-1/2"]
[WhiteElo "1842"]
[BlackElo "1768"]
[TimeControl "2700+45"]

1. Nf3 Nf6 2. g3 g6 3. Bg2 d5 4. O-O Bg7 5. d3 O-O 6. Nbd2 c6 7. e4 dxe4 8. dxe4
Qc7 9. c3 Rd8 10. Qc2 b6 11. Re1 Na6 12. Nb3 Nh5 13. Be3 {Game drawn by mutual
agreement} 1/2-1/2  aics%

[Event "Team 45 45 League T30"]
[Site "Internet Chess Club"]
[Date "2006.04.28"]
[Round "6"]
[White "HoHo"]
[Black "Avedldesierto"]
[Result "0-1"]
[WhiteElo "1700"]
[BlackElo "1712"]
[TimeControl "2700+45"]

1. e4 e5 2. Nf3 Nc6 3. Bc4 d6 4. c3 Bg4 5. Qb3 Na5 6. Qb5+ c6 7. Qb4 d5 8. Qa4
Nxc4 9. d3 Nb6 10. Qc2 Bxf3 11. gxf3 d4 12. f4 dxc3 13. Qxc3 Qd4 14. Qxd4 exd4
15. Nd2 Bb4 16. a3 Bxd2+ 17. Bxd2 O-O-O 18. Rg1 g6 19. b3 Nf6 20. Rc1 Rhe8 21.
Kf1 Nh5 22. Rc5 Nd7 23. Rc4 Nf8 24. Rc5 Ne6 25. Ra5 Nhxf4 26. Rxa7 Kb8 27. Ra5
Nxd3 28. Ke2 Nec5 29. b4 Rxe4+ 30. Kf3 Ne5+ 31. Kg3 Rg4+ 32. Kh3 Rxg1 33. Rxc5
Nd3 34. Rg5 Nxf2+ 35. Kh4 Rxg5 36. Bxg5 Ne4 37. Bxd8 d3 38. b5 d2 39. bxc6 d1=Q
40. c7+ Kc8 {White resigns} 0-1  aics% 



Unicornio21(*)(71): Maestro preparado???
aics%

[Event "ICC 45 45"]
[Site "Internet Chess Club"]
[Date "2006.05.01"]
[Round "6"]
[White "Cotesita"]
[Black "Durbed"]
[Result "0-1"]
[WhiteElo "1624"]
[BlackElo "1747"]
[TimeControl "2700+45"]

1. d4 Nf6 2. c4 g6 3. Nc3 d5 4. e3 Bg7 5. Nf3 O-O 6. cxd5 Nxd5 7. Be2 c5 8. Nxd5
Qxd5 9. O-O Nc6 10. dxc5 Qxc5 11. a3 Bf5 12. b4 Qc2 13. Qxc2 Bxc2 14. Ra2 Bb3
15. Rd2 Rfd8 16. Bd1 Rxd2 17. Bxd2 Bxd1 18. Rxd1 Rd8 19. Re1 Ne5 20. Nxe5 Rxd2
21. f4 Bxe5 22. fxe5 Ra2 23. Rc1 Rxa3 24. Rc7 b6 25. Rxe7 Rxe3 26. Rxa7 Rxe5 27.
Ra1 Re4 28. Rb1 Kf8 29. Kf2 Ke7 30. Kf3 f5 31. b5 Kd6 32. Rc1 Kd7 33. Rc6 Re6
34. Rxe6 Kxe6 {White resigns} 0-1  aics%

[Event "Team 45 45 League T30"]
[Site "Internet Chess Club"]
[Date "2006.04.29"]
[Round "6"]
[White "EdBorowski"]
[Black "vaibhav"]
[Result "1-0"]
[WhiteElo "2042"]
[BlackElo "1895"]
[TimeControl "2700+45"]

1. d4 Nf6 2. Nf3 g6 3. Bf4 Bg7 4. e3 d6 5. Be2 Bf5 6. c3 Nbd7 7. h3 c5 8. Nbd2
cxd4 9. exd4 Qb6 10. Qb3 Be6 11. Qxb6 Nxb6 12. O-O O-O 13. Rfe1 Nbd5 14. Bh2 Bd7
15. Bc4 b5 16. Bb3 a6 17. Ne4 Rae8 18. Nxf6+ Nxf6 19. Re2 d5 20. Rae1 h6 21.
Rxe7 Be6 22. Rxe8 Rxe8 23. Be5 Ne4 24. Bxg7 Kxg7 25. Re2 Rc8 26. Ne5 f6 27. Nd3
Bf5 28. Nb4 a5 29. Nxd5 Nd6 30. Ne7 Rc7 31. Nxf5+ Nxf5 32. g4 Nd6 33. Re6 Rd7
34. Kf1 a4 35. Bd5 f5 36. Bc6 Rd8 37. Re7+ Kf6 38. Rd7 Rxd7 39. Bxd7 f4 40. Ke2
g5 41. Kd3 Ke7 42. Bc6 Kd8 43. b3 Kc7 44. d5 a3 45. f3 Kb6 46. c4 b4 47. Kd4 Nf7
48. Be8 Nd8 49. c5+ Ka5 50. d6 Nb7 51. Kd5 Nd8 {Black resigns} 1-0  aics%

[Event "Team 45 45 League T30"]
[Site "Internet Chess Club"]
[Date "2006.04.27"]
[Round "6"]
[White "garethn"]
[Black "Flying-Tiger"]
[Result "0-1"]
[WhiteElo "1750"]
[BlackElo "1807"]
[TimeControl "2700+45"]

1. e4 c5 2. Nf3 g6 3. d4 cxd4 4. Nxd4 Nc6 5. Nxc6 bxc6 6. Qd4 Nf6 7. Nc3 d6 8.
Bg5 Bg7 9. O-O-O O-O 10. f4 c5 11. Qd2 Qb6 12. e5 dxe5 13. fxe5 Ng4 14. Bxe7 Re8
15. Bd6 Bh6 {White resigns} 0-1  aics%

[Event "Team 45 45 League T30"]
[Site "Internet Chess Club"]
[Date "2006.04.29"]
[Round "6"]
[White "Miles72"]
[Black "jongalt97"]
[Result "1-0"]
[WhiteElo "1754"]
[BlackElo "1682"]
[TimeControl "2700+45"]

1. d4 Nf6 2. c4 e6 3. g3 Bb4+ 4. Nc3 Bxc3+ 5. bxc3 d5 6. Ba3 Nc6 7. Bg2 Ne7 8.
Nf3 O-O 9. O-O Re8 10. Ne5 c6 11. Qc2 dxc4 12. Nxc4 Qd7 13. e4 b6 14. e5 Nfd5
15. Nd6 Rd8 16. Qd3 f5 17. Kh1 Nc7 18. g4 Ba6 19. c4 fxg4 20. Be4 g6 21. Rg1 Nf5
22. Rxg4 Kh8 23. h4 Rg8 24. Rag1 Rg7 25. h5 gxh5 26. Rxg7 Nxg7 27. Qf3 Nf5 28.
Bxc6 {Black forfeits on time} 1-0  aics%

[Event "Team 45 45 League T30"]
[Site "Internet Chess Club"]
[Date "2006.04.29"]
[Round "6"]
[White "fgameiro"]
[Black "Grenadier"]
[Result "1-0"]
[WhiteElo "1577"]
[BlackElo "1575"]
[TimeControl "2700+45"]

1. e4 c6 2. d4 d5 3. Nc3 dxe4 4. Nxe4 Nd7 5. Ng5 Ngf6 6. Bd3 e6 7. N1f3 Be7 8.
Qe2 h6 9. Nxe6 Qa5+ 10. Bd2 Qb6 11. Nxg7+ Kd8 12. O-O Nf8 13. Ne5 Be6 14. Nxe6+
Nxe6 15. Nxf7+ Kd7 16. Nxh8 Rxh8 17. Bf5 c5 18. d5 Nxd5 19. c4 Nc7 20. Rfd1 Kc8
21. Qe5 Rd8 22. Bf4 Rf8 23. Bxe6+ {Black resigns} 1-0  aics%

[Event "Team 45 45 League T30"]
[Site "Internet Chess Club"]
[Date "2006.05.02"]
[Round "6"]
[White "Milo"]
[Black "Quoyle"]
[Result "1/2-1/2"]
[WhiteElo "2395"]
[BlackElo "2449"]
[TimeControl "2700+45"]

1. e4 c6 2. d4 d5 3. Nc3 dxe4 4. Nxe4 Bf5 5. Ng3 Bg6 6. h4 h6 7. Nf3 Nd7 8. h5
Bh7 9. Bd3 Bxd3 10. Qxd3 e6 11. Bf4 Qa5+ 12. Bd2 Bb4 13. c3 Be7 14. c4 Qc7 15.
O-O-O Ngf6 16. Kb1 O-O 17. Ne4 Rad8 18. Bc3 b5 19. Nxf6+ Nxf6 20. cxb5 cxb5 21.
Qxb5 Rb8 22. Qd3 Rfc8 23. Ka1 Nd5 24. Rb1 Rb6 25. Rhc1 Qb7 26. Ne5 Rb8 27. Nc4
Qa6 28. Ne5 Qa4 29. Qc4 Bb4 30. Nd3 Qd7 31. Nc5 Qc6 32. g3 Rb5 33. Bxb4 Rxb4 34.
Qa6 R4b6 35. Qa4 Qd6 36. Qxa7 Nb4 37. Qd7 Ra8 38. a3 Qb8 39. Qe7 Ra7 40. Qh4 Qa8
41. Rc3 Qd5 42. Nb3 Nc2+ 43. Rxc2 Qxb3 44. Rc8+ Kh7 45. Qe4+ f5 46. Qc2 Qb4 47.
Qc3 Qb5 48. Rc5 Qe2 49. Rc7 Rxc7 50. Qxc7 Rb3 51. Qf7 Qxf2 52. Qg6+ Kh8 53. Qe8+
Kh7 54. Qg6+ Kh8 55. Qxe6 Rxg3 56. Rc1 Rg1 57. Qc8+ Kh7 58. Rxg1 Qxg1+ 59. Ka2
Qf1 60. d5 Qd3 61. Qc6 f4 62. d6 f3 63. Qc5 Qd1 64. Qf5+ Kg8 65. d7 f2 66. Qe6+
Kh7 67. Qg6+ Kg8 68. Qe8+ Kh7 69. d8=Q Qxd8 70. Qxd8 f1=Q 71. Qd5 Qf4 72. Kb3
Qe3+ 73. Kc4 Qc1+ 74. Kb3 Qe3+ 75. Ka2 Qf4 76. Qd3+ Kh8 77. Qd8+ Kh7 78. Qd3+
Kh8 79. Qd5 Kh7 {Game drawn by repetition} 1/2-1/2  aics%

[Event "Team 45 45 League T30"]
[Site "Internet Chess Club"]
[Date "2006.05.03"]
[Round "6"]
[White "phoenix10q72"]
[Black "jpitt"]
[Result "1/2-1/2"]
[WhiteElo "2332"]
[BlackElo "2390"]
[TimeControl "2700+45"]

1. e4 c5 2. Nf3 d6 3. d4 cxd4 4. Nxd4 Nf6 5. Nc3 a6 6. Bc4 e6 7. Bb3 b5 8. O-O
Be7 9. Qf3 Qc7 10. Qg3 Nc6 11. Nxc6 Qxc6 12. Re1 Bb7 13. a3 Rd8 14. Bg5 O-O 15.
Rad1 Nh5 16. Qh4 Bxg5 17. Qxg5 Nf6 18. Rd3 h6 19. Qd2 Rd7 20. f3 Qc5+ 21. Qf2
Rfd8 22. Red1 Kf8 23. Kf1 g5 24. R1d2 Qe5 25. Qd4 Ke7 26. Qxe5 dxe5 27. Rxd7+
Rxd7 28. Rxd7+ Nxd7 29. Nd1 Nc5 30. Ba2 f5 31. exf5 exf5 32. b4 Na4 33. Bb3 Nb6
34. Ne3 Kf6 35. Kf2 e4 36. fxe4 Bxe4 37. g3 Ke5 38. Ke2 h5 39. c3 f4 40. Nd1
fxg3 41. hxg3 h4 42. gxh4 gxh4 43. Nf2 Bf5 44. Kf3 Nd5 45. c4 Nc3 46. cxb5 axb5
47. Ng4+ Kd4 48. Kf4 Bc8 49. Nh2 Ne2+ 50. Kf3 Kc3 51. Bd5 Nd4+ 52. Ke4 Nc2 53.
Bc6 Nxa3 54. Kf4 Kxb4 55. Nf3 h3 56. Kg3 Kc3 57. Bxb5 Nxb5 58. Ng5 Kd4 59. Nxh3
Ke3 60. Nf2 Nd4 61. Ng4+ Ke4 62. Nf2+ Kf5 63. Nd3 Ba6 64. Nf2 Be2 65. Nh3 Ne6
66. Kf2 Bh5 67. Ke3 Ke5 68. Nf2 Be8 69. Nd3+ Kf5 70. Nf2 Bb5 71. Nd3 Ba6 72. Nb4
Bb5 73. Nd3 Bc4 74. Nb2 Ba6 75. Nd3 Bb5 76. Nb4 Nf4 77. Kd4 Ne6+ 78. Ke3 Ba4 79.
Nd3 Be8 80. Nb4 Nf4 81. Kd4 Ne2+ 82. Ke3 Nc1 83. Kd2 Nb3+ 84. Kc3 Bf7 85. Nc2
Ke4 86. Nb4 Nc5 87. Nc2 Nd3 88. Nb4 Ne5 89. Nc2 Kd5 90. Nb4+ Ke4 91. Nc2 Bc4 92.
Nb4 Bf1 93. Nc2 Nf3 94. Nb4 Bb5 95. Nc2 Ba4 96. Na3 Nd4 97. Nc4 Ne2+ 98. Kb4 Bd7
99. Kc5 Nf4 100. Nd6+ Ke5 101. Nc4+ Ke6 102. Kd4 Nd5 {Game drawn by mutual
agreement} 1/2-1/2  aics%

[Event "Team 45 45 League T30"]
[Site "Internet Chess Club"]
[Date "2006.04.28"]
[Round "6"]
[White "WizzyD"]
[Black "jorobo"]
[Result "0-1"]
[WhiteElo "2036"]
[BlackElo "2211"]
[TimeControl "2700+45"]

1. e4 d6 2. d4 Nf6 3. Nc3 g6 4. Bg5 Nc6 5. e5 dxe5 6. dxe5 Nxe5 7. Qxd8+ Kxd8 8.
O-O-O+ Bd7 9. Bb5 c6 10. Ba4 Neg4 11. Nh3 Bh6 12. f3 Bxg5+ 13. Nxg5 Nh6 14. Bb3
e6 15. g4 Nd5 16. Nce4 b5 17. Nc5 Kc7 18. c4 bxc4 19. Bxc4 Rad8 20. Rd3 Bc8 21.
Ra3 Kb8 22. Rd1 Nb6 23. Rxd8 Rxd8 24. Bb3 Rh8 25. h3 Nd5 26. Nce4 f6 27. Bxd5
fxg5 28. Bxc6 Nf7 29. Rb3+ Kc7 30. Rc3 Kb6 31. Nd2 Ne5 32. Be4 Ba6 33. Kc2 Rc8
34. Rxc8 Bxc8 35. Kc3 Ba6 36. b4 Bb5 37. Kb3 Be2 38. Kc3 Kb5 39. Kd4 Nf7 40. a3
Ka4 41. Nb1 Kb3 42. Ke3 Bb5 43. Kd4 Be2 44. Ke3 Bb5 45. Kd2 Nd6 46. Bc2+ Kb2 47.
a4 Nc4+ 48. Kd3 Na3+ 49. axb5 Nxc2 50. Nd2 Nxb4+ 51. Kc4 Nd5 52. Ne4 h6 53. Nd6
Kc2 54. Nc8 Nb6+ 55. Nxb6 axb6 56. Kd4 Kb3 57. Ke5 Kc4 58. Kf6 Kxb5 59. Kxg6 Kc4
60. Kxh6 b5 61. Kxg5 b4 62. f4 b3 63. f5 exf5 64. gxf5 b2 65. f6 b1=Q 66. f7 Qb8
67. Kf6 Qf8 68. h4 Kd5 69. h5 Kd6 70. Kg6 Ke6 71. h6 Qxf7+ 72. Kg5 Ke5 {White
resigns} 0-1  aics%

[Event "Team 45 45 League T30"]
[Site "Internet Chess Club"]
[Date "2006.04.29"]
[Round "6"]
[White "John3v16"]
[Black "equi"]
[Result "0-1"]
[WhiteElo "1831"]
[BlackElo "1863"]
[TimeControl "2700+45"]

1. d4 Nf6 2. c4 g6 3. Nc3 Bg7 4. e4 d6 5. f4 O-O 6. Nf3 Na6 7. Be2 c5 8. d5 e6
9. O-O exd5 10. exd5 Re8 11. a3 Nc7 12. Qc2 b5 13. cxb5 Ncxd5 14. Nxd5 Nxd5 15.
Bc4 Nb6 16. Ba2 Bf5 17. Qd2 Qd7 18. Bd5 Nxd5 19. Qxd5 Be4 20. Qb3 Bxf3 21. Rxf3
Bd4+ 22. Kf1 Qe7 23. Qd1 Qh4 24. g3 Qxh2 25. Be3 Rxe3 26. Rxe3 Bxe3 27. Qf3 Re8
28. Re1 Qg1+ 29. Ke2 Bc1+ 30. Kd3 Qd4+ 31. Kc2 Qxb2+ 32. Kd3 Qb3# {White
checkmated} 0-1  aics%

[Event "Team 45 45 League T30"]
[Site "Internet Chess Club"]
[Date "2006.04.29"]
[Round "6"]
[White "Zillmer"]
[Black "DTK"]
[Result "0-1"]
[WhiteElo "1904"]
[BlackElo "2157"]
[TimeControl "2700+45"]

1. e4 e6 2. d4 d5 3. e5 c5 4. c3 Qb6 5. Nf3 Nc6 6. a3 Nh6 7. b4 cxd4 8. cxd4 Nf5
9. Be3 f6 10. exf6 gxf6 11. Nc3 Nxe3 12. fxe3 Bh6 13. Qd2 O-O 14. Bd3 Bd7 15.
O-O Ne5 16. Bc2 Nc4 17. Qd3 Bxe3+ 18. Kh1 Rf7 19. Bb3 Bh6 20. Bxc4 dxc4 21. Qxc4
Rc8 22. Qb3 Qc6 23. Ne2 Qc2 24. Qxc2 Rxc2 25. Ng3 Bc6 26. Rae1 Bd5 27. Ne4 b6
28. Ng3 Kg7 {White resigns} 0-1  aics%

[Event "Team 45 45 League T30"]
[Site "Internet Chess Club"]
[Date "2006.05.02"]
[Round "6"]
[White "syy89"]
[Black "SluMan"]
[Result "0-1"]
[WhiteElo "2102"]
[BlackElo "2033"]
[TimeControl "2700+45"]

1. e4 c5 2. Nf3 Nc6 3. d4 cxd4 4. Nxd4 Qb6 5. Nb3 e6 6. Be3 Qc7 7. Nc3 Nf6 8.
Bd3 d6 9. O-O a6 10. f4 Be7 11. Qf3 Nd7 12. Qg3 g6 13. f5 Nde5 14. fxe6 Bxe6 15.
Nd4 Nxd4 16. Bxd4 b5 17. Rae1 O-O 18. Nd5 Bxd5 19. exd5 f6 20. Re3 Rf7 21. Qh3
Bf8 22. Qe6 Bg7 23. h4 f5 24. Bxe5 Bxe5 25. Bxf5 gxf5 26. Rxf5 Bd4 27. Rxf7 Qxf7
{White resigns} 0-1  aics%

[Event "Team 45 45 League T30"]
[Site "Internet Chess Club"]
[Date "2006.04.28"]
[Round "6"]
[White "VentasD"]
[Black "gracey"]
[Result "0-1"]
[WhiteElo "2088"]
[BlackElo "2023"]
[TimeControl "2700+45"]

1. c4 c6 2. Nf3 Nf6 3. g3 d5 4. b3 Bf5 5. Bb2 dxc4 6. bxc4 Qa5 7. Qb3 Nbd7 8.
Bg2 O-O-O 9. O-O Nc5 10. Qe3 Ng4 11. Qf4 Ne6 12. Bc3 Nxf4 13. Bxa5 Nxe2+ 14. Kh1
b6 15. Bc3 Nxc3 16. Nxc3 Bd3 17. Bh3 f5 18. Rfe1 Nxf2+ 19. Kg2 Nxh3 20. Kxh3
Bxc4 21. Ne5 Rd4 22. Nxc6 Rxd2 23. Rac1 g5 24. Nxe7+ Bxe7 25. Rxe7 Kb8 26. Nb1
g4+ 27. Kh4 Rxh2+ 28. Kg5 Rg8+ 29. Kf6 Rg6+ 30. Kxf5 Rf2+ 31. Ke5 Re2+ 32. Kd4
Rxe7 33. Rxc4 Rd6+ 34. Kc3 Re3+ 35. Kb4 Rxg3 36. Nc3 a5+ 37. Kb5 Kb7 38. Ka4 Rc6
39. Rxc6 Kxc6 40. a3 Re3 41. Nd1 Re4+ {White resigns} 0-1  aics% 
spaceibiza(71): gritaba como un niño aics%

[Event "Team 45 45 League T30"]
[Site "Internet Chess Club"]
[Date "2006.04.29"]
[Round "6"]
[White "Zebbile"]
[Black "Ser-Enigma"]
[Result "1-0"]
[WhiteElo "2111"]
[BlackElo "2070"]
[TimeControl "2700+45"]

1. Nf3 Nf6 2. d4 g6 3. c4 c5 4. e3 e6 5. Nc3 d5 6. Be2 Nc6 7. O-O dxc4 8. Bxc4
a6 9. a3 b5 10. Ba2 Bb7 11. d5 exd5 12. Nxd5 Nxd5 13. Bxd5 Bg7 14. e4 O-O 15.
Qc2 Nd4 16. Nxd4 Bxd5 17. Nxb5 axb5 18. exd5 Qxd5 19. Be3 Rfc8 20. Rfd1 Qe5 21.
Rd2 b4 22. Rad1 bxa3 23. bxa3 Rxa3 24. Rd8+ Rxd8 25. Rxd8+ Bf8 26. Rxf8+ Kg7 27.
Rd8 Rc3 28. Qd1 Ra3 29. Qe1 g5 30. Rd1 f6 31. Rc1 Rd3 32. Rxc5 Qd6 33. Rc1 h5
34. h3 h4 35. Qe2 Rd5 36. Qh5 Rd3 37. Bxg5 fxg5 38. Qxg5+ Kf7 39. Qxh4 Kg7 40.
Re1 {Black resigns} 1-0  aics%

[Event "Team 45 45 League T30"]
[Site "Internet Chess Club"]
[Date "2006.05.02"]
[Round "6"]
[White "izit"]
[Black "MSStateBulldog"]
[Result "0-1"]
[WhiteElo "2172"]
[BlackElo "2412"]
[TimeControl "2700+45"]

1. e4 e5 2. Nf3 Nc6 3. Bc4 Bc5 4. b4 Bxb4 5. c3 Ba5 6. Qb3 Qe7 7. Ba3 d6 8. d4
exd4 9. O-O Bb6 10. e5 Na5 11. Qa4+ Bd7 12. Bb5 Bxb5 13. Qxb5+ Qd7 14. Qd3 Ne7
15. exd6 cxd6 16. cxd4 O-O 17. Nbd2 Rac8 18. Rfe1 Nd5 19. Ng5 f5 20. Rac1 Rxc1
21. Rxc1 h6 22. Ngf3 Re8 23. g3 Nf6 24. Kg2 Ne4 25. Nc4 Nxc4 26. Qxc4+ Qf7 27.
Qb5 Rf8 28. Rc2 f4 29. g4 Qg6 30. h3 Qf7 31. Bb4 Rd8 32. a4 Qb3 33. Re2 d5 34.
Nd2 Nxd2 35. Re8+ Rxe8 36. Qxe8+ Kh7 37. Bxd2 f3+ 38. Kg3 Bc7+ 39. Kh4 Qd3 40.
Bxh6 Qg6 41. Qxg6+ Kxg6 42. Bd2 b6 43. Bb4 a6 44. Ba3 b5 45. axb5 axb5 46. Bb4
Bf4 47. Ba5 Bd6 48. g5 Kf5 49. Kh5 b4 50. h4 b3 51. Bc3 Bb4 52. Bb2 Be1 {White
resigns} 0-1  aics%

[Event "Team 45 45 League T30"]
[Site "Internet Chess Club"]
[Date "2006.05.07"]
[Round "6"]
[White "AnantDole"]
[Black "Sir-Knightly"]
[Result "0-1"]
[WhiteElo "2170"]
[BlackElo "2327"]
[TimeControl "2700+45"]

1. e4 e6 2. d4 d5 3. Nd2 Nf6 4. e5 Nfd7 5. Bd3 c5 6. c3 b6 7. Ne2 Ba6 8. Nf3
Bxd3 9. Qxd3 c4 10. Qc2 b5 11. O-O Nc6 12. Be3 a5 13. Nd2 Be7 14. f4 g6 15. b3
Nb6 16. Rfb1 Qd7 17. Bf2 b4 18. bxc4 Nxc4 19. Nxc4 dxc4 20. cxb4 Nxb4 21. Qe4
O-O 22. Nc3 Rab8 23. a3 Nd5 24. Qf3 a4 25. Nxd5 Qxd5 26. Qd1 Rb3 27. Qe2 Rfb8
28. Re1 Rxa3 29. Rxa3 Bxa3 30. h4 Bb2 {White resigns} 0-1  aics%

[Event "Team 45 45 League T30"]
[Site "Internet Chess Club"]
[Date "2006.05.01"]
[Round "6"]
[White "hinch"]
[Black "Ozgur-Bjk"]
[Result "1-0"]
[WhiteElo "2134"]
[BlackElo "2150"]
[TimeControl "2700+45"]

1. d4 d5 2. c4 e6 3. Nc3 Nf6 4. cxd5 exd5 5. Bg5 Nbd7 6. e3 Be7 7. Bd3 c6 8. Qc2
O-O 9. Nf3 Re8 10. O-O Ne4 11. Bxe7 Qxe7 12. b4 Nf8 13. b5 Ng6 14. bxc6 bxc6 15.
Bxe4 dxe4 16. Nd2 Bf5 17. Ne2 Qg5 18. Ng3 Nh4 19. Rfc1 Re6 20. Qc5 Rh6 21. Ndxe4
Qg6 22. Qe5 Bh3 23. Qg5 Qxg5 24. Nxg5 Bxg2 25. f4 f6 26. Ne6 Bd5 27. Nc7 Nf3+
28. Kf1 Nxh2+ 29. Ke2 Rb8 30. Nxd5 cxd5 31. Nf5 Rb2+ 32. Kd3 Rh5 33. Rc8+ Kf7
34. Rc7+ Kf8 35. Nxg7 Rh3 36. Ne6+ Ke8 37. Rg1 Rd2+ 38. Kc3 {Black resigns} 1-0 
aics%

[Event "Team 45 45 League T30"]
[Site "Internet Chess Club"]
[Date "2006.05.02"]
[Round "6"]
[White "Allessia"]
[Black "forketta"]
[Result "0-1"]
[WhiteElo "2153"]
[BlackElo "1969"]
[TimeControl "2700+45"]

1. e4 c5 2. Nc3 Nc6 3. g3 g6 4. Bg2 Bg7 5. d3 d6 6. Be3 Rb8 7. Qd2 b5 8. Nge2 b4
9. Nd1 Nd4 10. O-O e6 11. f4 Ne7 12. h3 O-O 13. g4 Nxe2+ 14. Qxe2 f5 15. Qd2 Qb6
16. Kh2 Bb7 17. g5 Bc6 18. c3 bxc3 19. bxc3 Rfd8 20. Rc1 Qa5 21. Nf2 d5 22. exd5
Bxd5 23. Bxd5 Nxd5 24. c4 Qxd2 25. Bxd2 Nb4 26. Bxb4 Rxb4 27. Rc2 e5 28. fxe5
Bxe5+ 29. Kg2 Kf7 30. Ng4 Bg7 31. Nf2 Re8 32. Kf3 Bd4 33. Nd1 Rb6 34. Re2 Rxe2
35. Kxe2 Ra6 36. Ne3 Rxa2+ 37. Kf3 Ra3 38. Rd1 Rb3 39. Rd2 a5 40. Ke2 Rb2 41.
Rxb2 Bxb2 42. Kd2 Ke6 43. Kc2 Be5 44. Ng2 Bg3 45. Kb3 f4 46. Ka4 Ke5 47. Kxa5
Kd4 48. Kb5 f3 {White resigns} 0-1  aics%

[Event "Team 45 45 League T30"]
[Site "Internet Chess Club"]
[Date "2006.04.29"]
[Round "6"]
[White "GrayFox"]
[Black "Guinness"]
[Result "1/2-1/2"]
[WhiteElo "2421"]
[BlackElo "2342"]
[TimeControl "2700+45"]

1. e4 d6 2. d4 Nf6 3. Nc3 e5 4. f4 Nbd7 5. Nf3 c6 6. Be2 Qc7 7. O-O Be7 8. Kh1
b5 9. fxe5 dxe5 10. dxe5 Nxe5 11. Nxe5 Qxe5 12. Bf4 Qe6 13. e5 Nd7 14. Bg4 Qc4
15. Qd2 b4 16. Rad1 Nc5 17. Bxc8 Rxc8 18. Qe2 Qxe2 19. Nxe2 O-O 20. Be3 Rfd8 21.
Ng3 Ne6 22. Nf5 Bf8 23. Bxa7 Ra8 24. Rxd8 Rxd8 25. g3 Ra8 26. Be3 Rxa2 27. Bc1
Bc5 28. Kg2 Ra6 29. Kf3 Ra7 30. Rd1 Kf8 31. Be3 Bxe3 32. Nxe3 Ke8 33. Nc4 Ra2
34. Ke3 Ra6 35. Nd6+ Ke7 36. Rf1 f6 37. Nf5+ Kf7 38. exf6 Kxf6 39. Nd4+ Ke7 40.
Nxe6 Kxe6 41. Kd4 Ra2 42. Rb1 Kd6 43. Kc4 c5 44. h3 g6 45. g4 h5 46. g5 h4 47.
Kb3 Ra6 48. Rf1 Ke5 49. Kc4 Ra2 50. Kb3 Ra6 51. c3 Rb6 52. Kc4 bxc3 53. bxc3 Rb2
54. Kxc5 Rg2 55. Kb6 Rxg5 56. c4 Rg3 57. Rh1 g5 58. c5 Rb3+ 59. Kc7 Rc3 60. c6
Kf4 61. Kd7 Kg3 62. Rg1+ Kxh3 63. Rxg5 Kh2 64. c7 h3 65. Rg6 Rxc7+ 66. Kxc7 Kh1
67. Kd6 h2 68. Rg3 {Black stalemated} 1/2-1/2  aics%

[Event "Team 45 45 League T30"]
[Site "Internet Chess Club"]
[Date "2006.04.29"]
[Round "6"]
[White "Parsival"]
[Black "onslaught"]
[Result "0-1"]
[WhiteElo "2118"]
[BlackElo "2128"]
[TimeControl "2700+45"]

1. e4 e6 2. d4 d5 3. e5 c5 4. c3 Nc6 5. Nf3 Bd7 6. Bd3 Qb6 7. O-O cxd4 8. cxd4
Nxd4 9. Nxd4 Qxd4 10. Nc3 a6 11. Qe2 Ne7 12. Kh1 Nc6 13. f4 Nb4 14. Rd1 Nxd3 15.
Rxd3 Qb6 16. Be3 Bc5 17. Bxc5 Qxc5 18. Rad1 Bb5 19. Nxb5 Qxb5 20. f5 exf5 21. e6
O-O 22. e7 Rfe8 23. Qe5 Qd7 24. Re1 Rac8 25. h3 Qe6 26. Qxe6 fxe6 27. Rxe6 Kf7
28. Re5 g6 29. Rexd5 Rxe7 30. Rd8 Rxd8 31. Rxd8 Kf6 32. Kg1 Re2 33. Rd6+ Re6 34.
Rd7 Re7 35. Rd3 Rc7 36. Rb3 b5 37. Ra3 Rc6 38. Rd3 Ke5 39. Rd7 Rc1+ 40. Kh2 h5
41. Rd2 h4 42. Rd8 g5 43. Re8+ Kf4 44. Re6 g4 45. hxg4 fxg4 46. g3+ hxg3+ 47.
Kg2 Rc2+ 48. Kg1 a5 49. Ra6 a4 50. b4 Rxa2 51. Rb6 Rb2 52. Rxb5 a3 53. Rb8 a2
54. Rf8+ Ke5 55. Re8+ Kd6 {White resigns} 0-1  aics%  CAPATROSIAN(71): pero
caeran sapos aics%

[Event "Team 45 45 League T30"]
[Site "Internet Chess Club"]
[Date "2006.04.29"]
[Round "6"]
[White "fledermaus"]
[Black "baumhauer"]
[Result "1/2-1/2"]
[WhiteElo "2075"]
[BlackElo "1963"]
[TimeControl "2700+45"]

1. d4 Nf6 2. c4 e6 3. Nc3 Bb4 4. Qc2 O-O 5. a3 Bxc3+ 6. Qxc3 b6 7. Bg5 Bb7 8.
Nf3 d6 9. Nd2 Nbd7 10. f3 Re8 11. e4 e5 12. Be2 h6 13. Be3 a5 14. b3 Qe7 15. d5
Nc5 16. O-O g5 17. b4 Ncd7 18. Rfc1 Qf8 19. Nb3 a4 20. Nd2 Rec8 21. Qb2 Rcb8 22.
Nb1 Nh5 23. Nc3 Nf4 24. Bf1 f5 25. Qc2 fxe4 26. fxe4 Nf6 27. Kh1 Qe8 28. c5 Ng4
29. Bg1 bxc5 30. bxc5 Nh5 31. g3 Ba6 32. Bxa6 Rxa6 33. Rab1 Raa8 34. Rxb8 Rxb8
35. Rb1 Rxb1 36. Qxb1 Qf7 37. Kg2 Ngf6 38. cxd6 cxd6 39. Qb8+ Kg7 40. Qxd6 Qb7
41. Qb6 Qc8 42. Qc6 Qg4 43. Kf2 Nxe4+ 44. Nxe4 Qxe4 45. Qd7+ Kf8 46. Qd8+ Kf7
47. Qd7+ Kf8 48. Qd6+ Kg7 49. Qe7+ Kg8 50. Qe8+ Kg7 51. Qxh5 g4 52. Kf1 Qd3+ 53.
Ke1 Qc3+ {Game drawn by mutual agreement} 1/2-1/2  aics%

[Event "Team 45 45 League T30"]
[Site "Internet Chess Club"]
[Date "2006.05.01"]
[Round "6"]
[White "StevieBlunder"]
[Black "jazzyrick"]
[Result "0-1"]
[WhiteElo "1637"]
[BlackElo "1662"]
[TimeControl "2700+45"]

1. e4 c5 2. Nf3 d6 3. d4 cxd4 4. Nxd4 Nf6 5. Nc3 a6 6. Be3 e6 7. g4 e5 8. Nb3
Bxg4 9. f3 Bh5 10. Qd2 Bxf3 11. Rg1 Nxe4 12. Nxe4 Bxe4 13. O-O-O Bg6 14. Qd5 Qc7
15. Bc4 b5 16. Qxa8 bxc4 17. Na5 Be7 18. Nxc4 O-O 19. Qd5 Nd7 20. Rd2 Nf6 21.
Qa5 Qxc4 22. Rdg2 Rc8 23. b3 Qe4 24. Qd2 Nd5 25. Re1 Nxe3 26. Rxe3 Qc6 27. c3 h6
{White resigns} 0-1  aics%

[Event "Team 45 45 League T30"]
[Site "Internet Chess Club"]
[Date "2006.04.30"]
[Round "6"]
[White "mfunk"]
[Black "AVEMARIA"]
[Result "0-1"]
[WhiteElo "1511"]
[BlackElo "1690"]
[TimeControl "2700+45"]

1. e4 c5 2. c3 Nf6 3. e5 Nd5 4. d4 cxd4 5. Nf3 e6 6. Bc4 Nb6 7. Bb3 Nc6 8. cxd4
d6 9. O-O Be7 10. Nc3 O-O 11. Be3 Nd7 12. Qd2 dxe5 13. Ne4 Bb4 14. Qd3 exd4 15.
Neg5 Nf6 16. Bf4 Bd6 17. g3 e5 18. Bd2 Bg4 19. Bc2 g6 20. h4 Bf5 21. Qb3 e4 22.
Nh2 Qc7 23. Rae1 Rae8 24. Bd1 e3 25. Bc1 exf2+ 26. Kxf2 Bxg3+ 27. Qxg3 Ne5 28.
Nhf3 Nd3+ 29. Kg2 Nxe1+ 30. Rxe1 Qxc1 31. Bb3 Qxb2+ {White resigns} 0-1  aics%

[Event "Team 45 45 League T30"]
[Site "Internet Chess Club"]
[Date "2006.04.28"]
[Round "6"]
[White "DynamoKyiv"]
[Black "alaskauk"]
[Result "1-0"]
[WhiteElo "1532"]
[BlackElo "1461"]
[TimeControl "2700+45"]

1. e4 c5 2. Nf3 Nc6 3. d4 cxd4 4. Nxd4 Qb6 5. Be3 Qxb2 6. Nxc6 Qxa1 7. Bd4 Qxa2
8. Nc3 Qe6 9. Ne5 Qh6 10. Bc4 e6 11. Qf3 Qf6 12. Qg3 Bb4 13. O-O Bxc3 14. Bxc3
Ne7 15. Rd1 Qh6 16. Qd3 O-O 17. Ng4 Qg5 18. Qg3 Qg6 19. f4 Kh8 20. Qh4 f6 21.
Bd3 Qf7 22. Rf1 a5 23. Ne3 a4 24. g4 g6 25. g5 Ng8 26. f5 e5 27. Nd5 a3 28. gxf6
d6 29. fxg6 Qxg6+ 30. Kh1 Be6 31. Rg1 Qf7 32. Rg7 Nxf6 33. Rxf7 Rxf7 34. Nxf6 a2
35. Ba1 Ra4 36. c3 Ra3 37. Bc2 Bb3 38. Bd3 Ba4 39. Qg5 Rf8 40. Bc4 Be8 41. Qh6
Bg6 42. Qxf8# {Black checkmated} 1-0  aics%